Map: Rifts to Korhal

Players

sTkmonk

  • Race: Terran Terran
  • Spawn Location: 7:00

monk

  • Race: Zerg Zerg

VOD

Have the link to the VOD?

Description

Time

  • Played on: Aug. 27, 2017, 10:14 p.m.
  • Length: 17:59
Show
View Real Time Build Order
Export as new Build Order

sTkmonk Terran 

Build Orders:  

Get SALT Encoding   

Show
View Real Time Build Order
Export as new Build Order

monk Zerg 

Build Orders:  

Get SALT Encoding   

  12  0:03  Infested SCV  
  13  0:12  Infested SCV  
  13  0:19  Infested SCV  
  15  0:32  Overlord  
  15  0:50  Infested Barracks  
  15  0:57  Infested Colonist Compound  
  15  0:58  Infested SCV x2  
  17  1:09  Infested SCV  
  18  1:21  Infested SCV  
  19  1:41  Overlord  
  19  1:54  Infested Bunker  
  23  2:29  Infested Command Center  
  23  2:35  Infested SCV  
  23  2:36  Infested SCV  
  25  2:42  Infested SCV  
  25  2:47  Infested Refinery  
  26  2:52  Infested SCV  
  27  3:03  Infested Refinery  
  27  3:04  Infested SCV  
  28  3:15  Infested SCV  
  29  3:42  Infested SCV  
  29  3:47  Infestation Level 1  
  30  3:53  Infested SCV  
  31  4:11  Infested SCV x2  
  31  4:12  Infested SCV x2  
  35  4:29  Infested Command Center  
  35  4:30  Infested SCV  
  35  4:35  Infested SCV x2  
  35  4:39  Infested Engineering Bay  
  38  4:43  Infested SCV  
  38  4:49  Infested SCV  
  40  4:57  Infested SCV  
  41  5:01  Infested Barracks Tech Lab, Infested Barracks  
  41  5:05  Overlord  
  41  5:16  Infested SCV  
  41  5:17  Stukov Infantry Weapons Level 1  
  42  5:27  Infested SCV  
  42  5:29  Infested SCV  
  44  5:31  Plagued Munitions  
  44  5:37  Infested SCV  
  45  5:47  Anaerobic Enhancement  
  45  5:51  Infested SCV  
  45  5:54  Overlord  
  46  6:00  Infested Factory  
  46  6:14  Infested Bunker  
  46  6:22  Infested SCV  
  46  6:23  Infested SCV  
  60  6:54  Infested Bunker x2  
  60  6:56  Infested Bunker  
  60  6:59  Infestation Level 2  
  60  7:38  Infested Missile Turret  
  60  7:41  Overlord x2  
  60  7:51  Overlord  
  60  7:54  Retinal Augmentation  
  60  7:59  Infested Engineering Bay  
  60  8:03  Infested SCV  
  61  8:15  Stukov Infantry Weapons Level 2  
  61  8:30  Infested Bunker  
  61  8:32  Infested Bunker  
  61  8:34  Infested Bunker  
  61  8:37  Overlord  
  61  8:47  Infested Missile Turret  
  69  8:55  Infested Bunker, Regenerative Plating  
  69  8:56  Infested Bunker  
  69  8:59  Broodling Gestation  
  69  9:14  Overlord  
  69  9:21  Infested Missile Turret  
  69  9:24  Infested Armory  
  69  9:28  Infested SCV x2  
  83  9:55  Infested Barracks  
  83  9:59  Infested Bunker  
  83  10:01  Infested Bunker  
  83  10:15  Overlord x2  
  83  10:18  Infested Bunker  
  83  10:19  Infested Bunker  
  91  10:33  Infestation Level 3  
  91  10:48  Infested Bunker  
  91  11:01  Overlord  
  91  11:02  Infested Missile Turret, Calcified Armor  
  91  11:07  Aggressive Incubation  
  91  11:11  Infested Bunker  
  91  11:19  Infested Bunker  
  95  11:26  Infested Bunker  
  99  11:39  Infested Bunker  
  103  12:06  Infested Barracks  
  103  12:14  Stukov Infantry Weapons Level 3  
  103  12:16  Infested Barracks  
  103  12:17  Overlord x2  
  103  12:28  Infested Barracks  
  103  12:30  Infested Barracks  
  103  12:37  Infested Barracks  
  99  12:55  Overlord x2  
  99  12:56  Overlord x2  
  99  12:57  Infested Bunker  
  99  13:29  Overlord  
  99  13:39  Infested Bunker  
  99  13:57  Infested Bunker  
  99  14:04  Overlord x3  
  99  14:29  Overlord x2  
  99  14:30  Overlord x2  
  97  14:52  Infested Colonist Compound  
  97  15:03  Infested Barracks  
  97  15:05  Infested Barracks  
  97  15:06  Infested Barracks  
  97  15:11  Infested Barracks  
  97  15:14  Infested Barracks  
  97  15:16  Infested Marine x3  
  97  15:17  Infested Marine x16  
  97  15:18  Infested Marine x13  
  97  15:19  Infested Marine x23  
  152  15:20  Infested Marine x7  
  152  15:21  Infested Marine  
  152  15:22  Infested Marine x18  
  152  15:23  Infested Marine x19  
  152  15:24  Infested Marine x3  
  200  15:49  Infested Barracks x2  
  200  15:52  Infested Barracks x2  
  200  15:54  Infested Marine  
Tags
 
Add a new tag
Caveats
  • Supply blocks, unpowered buildings, or Contaminate may cause inaccurate times.
  • Supply counts are checked every 10 seconds.